SAAA
JERSEY CITY TRITONS @ PHOENIX HOTSPUR RESERVES
07/21/2027
 
TOP OF THE 1ST
Jersey City Tritons batting - Pitching for Phoenix Hotspur Reserves : RHP Alin Oanta
Pitching: RHP Alin Oanta
Batting: RHB Luis Rodríguez 0-0: Called Strike
0-1: Fly out, F5 (Popup, 56S)
Batting: RHB Brandon Reed 0-0: Ball
1-0: Ball
2-0: Foul Ball, location: 2F
2-1: Ball
3-1: Called Strike
3-2: DOUBLE (Line Drive, 7LM)
Batting: LHB Preston Witt 0-0: Ball
1-0: Called Strike
1-1: SINGLE (Line Drive, 8LS)
Brandon Reed to third
Batting: RHB Mike Greene 0-0: Swinging Strike
0-1: Swinging Strike
0-2: Foul Ball, location: 2F
0-2: Ball
Wild Pitch!
Brandon Reed scores
Preston Witt to second
1-2: Ground out 5-3 (Groundball, 56)
Batting: RHB Bob Heller 0-0: Foul Ball, location: 2F
0-1: Foul Ball, location: 2F
0-2: Ball
1-2: SINGLE (Line Drive, 78S)
Preston Witt to third
Batting: RHB Lionel McCloud 0-0: Ball
1-0: Ball
2-0: Ball
3-0: Called Strike
3-1: Base on Balls
Bob Heller to second
Batting: SHB Dominique Prost 0-0: Ball
1-0: Called Strike
1-1: Fly out, F9 (Flyball, 9D)
Top of the 1st over - 1 run(s), 3 hit(s), 0 error(s), 3 left on base; Jersey City 1 - Phoenix 0
BOTTOM OF THE 1ST
Phoenix Hotspur Reserves batting - Pitching for Jersey City Tritons : LHP Chris Sommer
Pitching: LHP Chris Sommer
Batting: RHB Wilson Castillo 0-0: Fly out, F8 (Line Drive, 8RM)
Batting: RHB Jesús Álvarez 0-0: Foul Ball, location: 2F
0-1: Ball
1-1: Swinging Strike
1-2: Foul Ball, location: 2F
1-2: DOUBLE (Line Drive, 9LM)
Batting: RHB Júlio Mateo 0-0: Foul Ball, location: 2F
0-1: Called Strike
0-2: Ball
1-2: Foul Ball, location: 2F
1-2: Fly out, F5 (Popup, 5)
Batting: RHB Martín Martínez 0-0: Fly out, F7 (Flyball, 7S)
Bottom of the 1st over - 0 run(s), 1 hit(s), 0 error(s), 1 left on base; Jersey City 1 - Phoenix 0
TOP OF THE 2ND
Jersey City Tritons batting - Pitching for Phoenix Hotspur Reserves : RHP Alin Oanta
Batting: SHB Vince Barrowcliff 0-0: Fly out, F7 (Flyball, 7S)
Batting: RHB Gabriel Guerrero 0-0: Ball
1-0: Ball
2-0: Ball
3-0: Called Strike
3-1: Base on Balls
Batting: RHB Luis Rodríguez 0-0: Ball
1-0: Called Strike
1-1: SINGLE (Groundball, 6MD)
Gabriel Guerrero to second
Batting: RHB Brandon Reed 0-0: Ball
Gabriel Guerrero steals 3rd base
Luis Rodríguez to second
1-0: Ball
2-0: Ball
3-0: Base on Balls
Batting: LHB Preston Witt 0-0: Ball
1-0: Ball
2-0: Called Strike
2-1: Foul Ball, location: 2F
2-2: Foul Ball, location: 2F
2-2: SINGLE (Line Drive, 9LS)
Gabriel Guerrero scores
Luis Rodríguez to third
Brandon Reed to second
Runner from 3rd tries for Home, SAFE, no throw
Batting: RHB Mike Greene 0-0: Ball
1-0: Ball
2-0: Foul Ball, location: 2F
2-1: Ball
3-1: Foul Ball, location: 2F
3-2: Strikes out swinging
Batting: RHB Bob Heller 0-0: Foul Ball, location: 2F
0-1: Ball
1-1: Foul Ball, location: 2F
1-2: Foul Ball, location: 2F
1-2: Ball
2-2: Strikes out swinging
Top of the 2nd over - 2 run(s), 2 hit(s), 0 error(s), 2 left on base; Jersey City 3 - Phoenix 0
BOTTOM OF THE 2ND
Phoenix Hotspur Reserves batting - Pitching for Jersey City Tritons : LHP Chris Sommer
Batting: RHB Satoshi Terada 0-0: Ball
1-0: Ball
2-0: Foul Ball, location: 2F
2-1: Ball
3-1: Base on Balls
Batting: SHB Roberto López 0-0: Called Strike
0-1: Foul Ball, location: 2F
0-2: Foul Ball, location: 2F
0-2: Ball
1-2: Ball
2-2: Foul Ball, location: 2F
2-2: SINGLE (Line Drive, 9S)
Satoshi Terada to second
Batting: LHB Clark Espinosa 0-0: Fly out, F9 (Flyball, 9S)
Batting: RHB Billy Strauss 0-0: SINGLE (Groundball, 6MD)
Satoshi Terada to third
Roberto López to second
Batting: LHB Derek Blair 0-0: Fly out, F4 (Line Drive, 34)
Batting: RHB Wilson Castillo 0-0: Foul Ball, location: 2F
0-1: Ball
1-1: Called Strike
1-2: Fielders Choice at 2nd, 6-4 (Groundball, 6)
Bottom of the 2nd over - 0 run(s), 2 hit(s), 0 error(s), 2 left on base; Jersey City 3 - Phoenix 0
TOP OF THE 3RD
Jersey City Tritons batting - Pitching for Phoenix Hotspur Reserves : RHP Alin Oanta
Batting: RHB Lionel McCloud 0-0: Ball
1-0: Swinging Strike
1-1: Foul Ball, location: 2F
1-2: Ball
2-2: Strikes out swinging
Batting: SHB Dominique Prost 0-0: Fly out, F5 (Flyball, 5D)
Batting: SHB Vince Barrowcliff 0-0: Ball
1-0: Called Strike
1-1: Ball
2-1: Called Strike
2-2: Foul Ball, location: 2F
2-2: Ground out 4-3 (Groundball, 4)
Top of the 3rd over - 0 run(s), 0 hit(s), 0 error(s), 0 left on base; Jersey City 3 - Phoenix 0
BOTTOM OF THE 3RD
Phoenix Hotspur Reserves batting - Pitching for Jersey City Tritons : LHP Chris Sommer
Batting: RHB Jesús Álvarez 0-0: Ball
1-0: SINGLE (Groundball, 34D)
Batting: RHB Júlio Mateo 0-0: Ball
1-0: Ball
Jesús Álvarez steals 2nd base
2-0: Ground out 6-3 (Groundball, 6)
Jesús Álvarez to third
Batting: RHB Martín Martínez 0-0: Foul Ball, location: 2F
0-1: Swinging Strike
0-2: Ball
1-2: Strikes out swinging, 2-3 out at first.
Batting: RHB Satoshi Terada 0-0: Ball
1-0: Foul Ball, location: 2F
1-1: Foul Ball, location: 2F
1-2: Fly out, F8 (Flyball, 8LS)
Bottom of the 3rd over - 0 run(s), 1 hit(s), 0 error(s), 1 left on base; Jersey City 3 - Phoenix 0
TOP OF THE 4TH
Jersey City Tritons batting - Pitching for Phoenix Hotspur Reserves : RHP Alin Oanta
Batting: RHB Gabriel Guerrero 0-0: Ball
1-0: Ball
2-0: Foul Ball, location: 2F
2-1: Swinging Strike
2-2: Ball
3-2: Strikes out swinging
Batting: RHB Luis Rodríguez 0-0: Called Strike
0-1: Foul Ball, location: 2F
0-2: SINGLE (Groundball, 3D)
Batting: RHB Brandon Reed 0-0: Ball
1-0: Ball
2-0: Foul Ball, location: 2F
2-1: Ball
3-1: Fly out, F5 (Line Drive, 56)
Batting: LHB Preston Witt 0-0: Called Strike
0-1: Ball
1-1: Foul Ball, location: 2F
1-2: Foul Ball, location: 2F
1-2: Ball
2-2: Ground out 4-3 (Groundball, 34)
Top of the 4th over - 0 run(s), 1 hit(s), 0 error(s), 1 left on base; Jersey City 3 - Phoenix 0
BOTTOM OF THE 4TH
Phoenix Hotspur Reserves batting - Pitching for Jersey City Tritons : LHP Chris Sommer
Batting: SHB Roberto López 0-0: Swinging Strike
0-1: Foul Ball, location: 2F
0-2: Strikes out swinging
Batting: LHB Clark Espinosa 0-0: Ball
1-0: SINGLE (Groundball, 34D)
Batting: RHB Billy Strauss 0-0: Ball
1-0: Ball
2-0: Foul Ball, location: 2F
2-1: SINGLE (Groundball, 34D)
Clark Espinosa to second
Runner from 2nd tries for 3rd, SAFE, no throw
Batting: LHB Derek Blair 0-0: Foul Ball, location: 2F
0-1: Ball
1-1: Called Strike
1-2: Fly out, F8 (Flyball, 8LM)
Batting: RHB Wilson Castillo 0-0: Ball
1-0: Fly out, F9 (Flyball, 9S)
Bottom of the 4th over - 0 run(s), 2 hit(s), 0 error(s), 2 left on base; Jersey City 3 - Phoenix 0
TOP OF THE 5TH
Jersey City Tritons batting - Pitching for Phoenix Hotspur Reserves : RHP Alin Oanta
Batting: RHB Mike Greene 0-0: Ball
1-0: Called Strike
1-1: Foul Ball, location: 2F
1-2: Foul Ball, location: 2F
1-2: Strikes out looking
Batting: RHB Bob Heller 0-0: Ball
1-0: Called Strike
1-1: Ball
2-1: Called Strike
2-2: Ball
3-2: Base on Balls
Pitching: RHP Bob Cook
Batting: RHB Lionel McCloud 0-0: Ball
1-0: Swinging Strike
1-1: Foul Ball, location: 2F
1-2: Ball
2-2: Ball
3-2: Strikes out swinging
Batting: SHB Dominique Prost 0-0: Called Strike
0-1: Ball
1-1: Ball
2-1: Foul Ball, location: 2F
2-2: Fly out, F8 (Flyball, 8LD)
Top of the 5th over - 0 run(s), 0 hit(s), 0 error(s), 1 left on base; Jersey City 3 - Phoenix 0
BOTTOM OF THE 5TH
Phoenix Hotspur Reserves batting - Pitching for Jersey City Tritons : LHP Chris Sommer
Batting: RHB Jesús Álvarez 0-0: Ball
1-0: Ball
2-0: Called Strike
2-1: Foul Ball, location: 2F
2-2: Ball
3-2: Foul Ball, location: 2F
3-2: Ground out 5-3 (Groundball, 56)
Batting: RHB Júlio Mateo 0-0: Ball
1-0: SINGLE (Line Drive, 7S)
Batting: RHB Martín Martínez 0-0: Ball
1-0: Fly out, F8 (Flyball, 8RS)
Lined into DP, 8-3 (Flyball, 8RS)
Bottom of the 5th over - 0 run(s), 1 hit(s), 0 error(s), 0 left on base; Jersey City 3 - Phoenix 0
TOP OF THE 6TH
Jersey City Tritons batting - Pitching for Phoenix Hotspur Reserves : RHP Bob Cook
Batting: SHB Vince Barrowcliff 0-0: Called Strike
0-1: Swinging Strike
0-2: Strikes out looking
Batting: RHB Gabriel Guerrero 0-0: Ball
1-0: Foul Ball, location: 2F
1-1: Foul Ball, location: 2F
1-2: Foul Ball, location: 2F
1-2: Ground out 6-3 (Groundball, 6S)
Batting: RHB Luis Rodríguez 0-0: Foul Ball, location: 2F
0-1: Called Strike
0-2: Ball
1-2: Ball
2-2: Foul Ball, location: 2F
2-2: Ball
3-2: Base on Balls
Batting: RHB Brandon Reed 0-0: Called Strike
Luis Rodríguez steals 2nd base
0-1: Ball
1-1: Swinging Strike
1-2: Fly out, F7 (Flyball, 7)
Top of the 6th over - 0 run(s), 0 hit(s), 0 error(s), 1 left on base; Jersey City 3 - Phoenix 0
BOTTOM OF THE 6TH
Phoenix Hotspur Reserves batting - Pitching for Jersey City Tritons : LHP Chris Sommer
Batting: RHB Satoshi Terada 0-0: Foul Ball, location: 2F
0-1: Foul Ball, location: 2F
0-2: Strikes out looking
Batting: SHB Roberto López 0-0: Ball
1-0: Ball
2-0: Foul Ball, location: 2F
2-1: Ground out 6-3 (Groundball, 6)
Batting: LHB Clark Espinosa 0-0: Called Strike
0-1: Ball
1-1: Ball
2-1: Ball
3-1: Fly out, F8 (Flyball, 78D)
Bottom of the 6th over - 0 run(s), 0 hit(s), 0 error(s), 0 left on base; Jersey City 3 - Phoenix 0
TOP OF THE 7TH
Jersey City Tritons batting - Pitching for Phoenix Hotspur Reserves : RHP Bob Cook
Batting: LHB Preston Witt 0-0: Called Strike
0-1: Foul Ball, location: 2F
0-2: DOUBLE (Flyball, 78D)
Batting: RHB Mike Greene 0-0: Called Strike
0-1: Fly out, F9 (Flyball, 9LM)
Batting: RHB Bob Heller 0-0: Called Strike
0-1: Foul Ball, location: 2F
0-2: Ball
1-2: Ball
2-2: Ball
3-2: Foul Ball, location: 2F
3-2: Strikes out looking
Batting: RHB Lionel McCloud 0-0: Foul Ball, location: 2F
0-1: Ball
1-1: Called Strike
1-2: Foul Ball, location: 2F
1-2: Ball
2-2: Ball
3-2: Ground out 4-3 (Groundball, 4S)
Top of the 7th over - 0 run(s), 1 hit(s), 0 error(s), 1 left on base; Jersey City 3 - Phoenix 0
BOTTOM OF THE 7TH
Phoenix Hotspur Reserves batting - Pitching for Jersey City Tritons : LHP Chris Sommer
Batting: RHB Billy Strauss 0-0: Ball
1-0: Called Strike
1-1: Ball
2-1: SINGLE (Groundball, 5S) (infield hit)
Batting: LHB Derek Blair 0-0: Ball
1-0: Sac Bunt - play at first, batter OUT! 5-3
Billy Strauss to second
Batting: RHB Wilson Castillo 0-0: Ball
1-0: Ball
2-0: SINGLE (Flyball, 6MD)
Billy Strauss to third
Runner from 3rd tries for Home, SAFE, no throw
Batting: RHB Jesús Álvarez 0-0: Called Strike
0-1: Ball
1-1: Ball
2-1: Ball
3-1: Swinging Strike
3-2: Strikes out looking
Batting: RHB Júlio Mateo 0-0: Called Strike
Wilson Castillo is caught stealing 2nd base
Bottom of the 7th over - 1 run(s), 2 hit(s), 0 error(s), 0 left on base; Jersey City 3 - Phoenix 1
TOP OF THE 8TH
Jersey City Tritons batting - Pitching for Phoenix Hotspur Reserves : RHP Bob Cook
Pitching: RHP Jim Unknown
Batting: SHB Dominique Prost 0-0: Called Strike
0-1: Ball
1-1: Foul Ball, location: 2F
1-2: Foul Ball, location: 2F
1-2: Ball
2-2: Ball
3-2: Base on Balls
Batting: SHB Vince Barrowcliff 0-0: Sac Bunt - play at second, runner OUT! 1-6
Batting: RHB Gabriel Guerrero 0-0: DOUBLE (Flyball, 78D)
Vince Barrowcliff to third
Batting: RHB Luis Rodríguez 0-0: Intentional Walk
Batting: RHB Brandon Reed 0-0: Foul Ball, location: 2F
0-1: Ball
1-1: Ball
2-1: Fly out, F6 (Line Drive, 6)
Batting: LHB Preston Witt 0-0: Ball
1-0: Foul Ball, location: 2F
1-1: Ball
2-1: Fly out, F7 (Flyball, 7LSF)
Top of the 8th over - 0 run(s), 1 hit(s), 0 error(s), 3 left on base; Jersey City 3 - Phoenix 1
BOTTOM OF THE 8TH
Phoenix Hotspur Reserves batting - Pitching for Jersey City Tritons : LHP Chris Sommer
Now at 1B: Jonah Moody
Now in CF: Lindsay Stewart
Batting: RHB Júlio Mateo 0-0: Ball
1-0: Fly out, F8 (Flyball, 8RM)
Pitching: RHP António Rúbio
Batting: RHB Martín Martínez 0-0: Ball
1-0: Ball
2-0: Ball
3-0: Foul Ball, location: 2F
3-1: Swinging Strike
3-2: Strikes out swinging
Batting: RHB Satoshi Terada 0-0: Foul Ball, location: 2F
0-1: Ball
1-1: Fly out, F9 (Flyball, 9S)
Bottom of the 8th over - 0 run(s), 0 hit(s), 0 error(s), 0 left on base; Jersey City 3 - Phoenix 1
TOP OF THE 9TH
Jersey City Tritons batting - Pitching for Phoenix Hotspur Reserves : RHP Jim Unknown
Pitching: LHP Jim Unknown
Batting: RHB Mike Greene 0-0: Ball
1-0: Called Strike
1-1: SOLO HOME RUN (Flyball, 89XD), Distance : 423 ft
Batting: RHB Bob Heller 0-0: Ball
1-0: Called Strike
1-1: Ball
2-1: Swinging Strike
2-2: Ground out 6-3 (Groundball, 6)
Batting: RHB Lionel McCloud 0-0: Foul Ball, location: 2F
0-1: Foul Ball, location: 2F
0-2: Ball
1-2: Strikes out swinging
Batting: SHB Dominique Prost 0-0: Ball
1-0: Foul Ball, location: 2F
1-1: Ball
2-1: Called Strike
2-2: Foul Ball, location: 2F
2-2: Strikes out swinging
Top of the 9th over - 1 run(s), 1 hit(s), 0 error(s), 0 left on base; Jersey City 4 - Phoenix 1
BOTTOM OF THE 9TH
Phoenix Hotspur Reserves batting - Pitching for Jersey City Tritons : RHP António Rúbio
Pitching: LHP Tetsuzan Kaneko
Batting: SHB Roberto López 0-0: Foul Ball, location: 2F
0-1: Foul Ball, location: 2F
0-2: SINGLE (Groundball, 56D)
Batting: LHB Clark Espinosa 0-0: Ball
1-0: Foul Ball, location: 2F
1-1: Ball
2-1: SINGLE (Groundball, 34D)
Roberto López to second
Runner from 2nd tries for 3rd, SAFE, no throw
Pinch Hitting: RHB Jesús Mejía 0-0: Foul Ball, location: 2F
0-1: Ball
1-1: SINGLE (Line Drive, 89S)
Roberto López scores
Clark Espinosa to second
Runner from 2nd tries for 3rd, SAFE, throw made to third
Pinch Hitting: RHB Marc Meertens 0-0: Called Strike
0-1: Ball
1-1: Ball
2-1: Ball
3-1: Foul Ball, location: 2F
3-2: Fly out, F4 (Popup, 34)
Pinch Hitting: SHB Jesús González 0-0: Ball
1-0: Foul Ball, location: 2F
1-1: Foul Ball, location: 2F
1-2: SINGLE (Groundball, 34D)
Clark Espinosa scores
Jesús Mejía to second
Runner from 2nd tries for 3rd, SAFE, throw made to third
Batting: RHB Jesús Álvarez 0-0: Fly out, F9 (Flyball, 9LSF)
Runner from 3rd tags up, SCORES, no throw
Pitching: RHP Tom Bowen
Batting: RHB Júlio Mateo 0-0: Called Strike
0-1: Called Strike
0-2: Ball
1-2: Ball
2-2: Foul Ball, location: 2F
2-2: Ball
3-2: Foul Ball, location: 2F
3-2: Strikes out swinging
Bottom of the 9th over - 3 run(s), 4 hit(s), 0 error(s), 1 left on base; Jersey City 4 - Phoenix 4
TOP OF THE 10TH
Jersey City Tritons batting - Pitching for Phoenix Hotspur Reserves : LHP Jim Unknown
Now in LF: Hiwahikeiki Noelani
Now in CF: Jesús González
Now in RF: Jim Unknown
Pinch Hitting: RHB Jorge Rodríguez 0-0: Ground out 6-3 (Groundball, 6)
Pinch Hitting: RHB Salvador Pineda 0-0: Ball
1-0: Ball
2-0: Ball
3-0: Called Strike
3-1: Foul Ball, location: 2F
3-2: Foul Ball, location: 2F
3-2: Foul Ball, location: 2F
3-2: Base on Balls
Batting: RHB Luis Rodríguez 0-0: Called Strike
0-1: Ball
1-1: Fly out, F9 (Flyball, 9LM)
Pinch Hitting: RHB Tony Quintana 0-0: Called Strike
0-1: Ball
1-1: SINGLE (Line Drive, 9S)
Salvador Pineda to second
Batting: RHB Jonah Moody 0-0: Called Strike
0-1: Ball
1-1: Ball
2-1: Foul Ball, location: 2F
2-2: Ball
3-2: Fly out, F9 (Line Drive, 89S)
Top of the 10th over - 0 run(s), 1 hit(s), 0 error(s), 2 left on base; Jersey City 4 - Phoenix 4
BOTTOM OF THE 10TH
Phoenix Hotspur Reserves batting - Pitching for Jersey City Tritons : RHP Tom Bowen
Now at 1B: Tony Quintana
Now at 3B: Bryan Wilson
Batting: RHB Martín Martínez 0-0: Ground out 6-3 (Groundball, 6)
Now in LF: Salvador Pineda
Batting: RHB Satoshi Terada 0-0: Ball
1-0: Ball
2-0: Called Strike
2-1: Called Strike
2-2: Strikes out swinging
Batting: SHB Roberto López 0-0: Called Strike
0-1: Swinging Strike
0-2: Ball
1-2: Ball
2-2: Ball
3-2: Fly out, F7 (Flyball, 7LSF)
Bottom of the 10th over - 0 run(s), 0 hit(s), 0 error(s), 0 left on base; Jersey City 4 - Phoenix 4
TOP OF THE 11TH
Jersey City Tritons batting - Pitching for Phoenix Hotspur Reserves : LHP Jim Unknown
Pitching: LHP Jim Unknown
Batting: RHB Mike Greene 0-0: Called Strike
0-1: Ball
1-1: Fly out, F8 (Flyball, 8LM)
Batting: RHB Bob Heller 0-0: Called Strike
0-1: Ball
1-1: SINGLE (Flyball, 78S)
Batting: RHB Lionel McCloud 0-0: Called Strike
0-1: Foul Ball, location: 2F
0-2: Strikes out swinging
Pinch Hitting: RHB Eddy Baxter 0-0: Ball
1-0: Ball
2-0: Ball
3-0: Base on Balls
Bob Heller to second
Batting: RHB Bryan Wilson 0-0: Called Strike
0-1: Ball
1-1: Ball
2-1: Ball
3-1: Foul Ball, location: 2F
3-2: Base on Balls
Bob Heller to third
Eddy Baxter to second
Batting: RHB Salvador Pineda 0-0: Ball
1-0: Fly out, F8 (Flyball, 78M)
Top of the 11th over - 0 run(s), 1 hit(s), 0 error(s), 3 left on base; Jersey City 4 - Phoenix 4
BOTTOM OF THE 11TH
Phoenix Hotspur Reserves batting - Pitching for Jersey City Tritons : RHP Tom Bowen
Now at C: Eddy Baxter
Batting: LHB Clark Espinosa 0-0: Called Strike
0-1: SINGLE (Groundball, 23) (infield hit)
Batting: RHB Hiwahikeiki Noelani 0-0: Ball
Clark Espinosa is caught stealing 2nd base
1-0: Ground out 6-3 (Groundball, 6M)
Batting: SHB Jim Unknown 0-0: Ball
1-0: Swinging Strike
1-1: Ball
2-1: Ball
3-1: Base on Balls
Batting: SHB Jesús González 0-0: Ball
1-0: SINGLE (Groundball, 34D)
Jim Unknown to second
Runner from 2nd tries for 3rd, SAFE, no throw
Pitching: RHP Oliver Huerta
Batting: RHB Jesús Álvarez 0-0: Swinging Strike
0-1: Foul Ball, location: 2F
0-2: Foul Ball, location: 2F
0-2: Foul Ball, location: 2F
0-2: Ball
1-2: Ball
2-2: Foul Ball, location: 2F
2-2: Fly out, F9 (Flyball, 9LS)
Bottom of the 11th over - 0 run(s), 2 hit(s), 0 error(s), 2 left on base; Jersey City 4 - Phoenix 4
TOP OF THE 12TH
Jersey City Tritons batting - Pitching for Phoenix Hotspur Reserves : LHP Jim Unknown
Batting: RHB Luis Rodríguez 0-0: Foul Ball, location: 2F
0-1: Called Strike
0-2: Ball
1-2: Ground out 1-3 (Groundball, 15)
Batting: RHB Tony Quintana 0-0: Ball
1-0: Ball
2-0: Called Strike
2-1: Ball
3-1: Swinging Strike
3-2: Ground out 5-3 (Groundball, 56)
Batting: RHB Jonah Moody 0-0: Fly out, F7 (Flyball, 7D)
Top of the 12th over - 0 run(s), 0 hit(s), 0 error(s), 0 left on base; Jersey City 4 - Phoenix 4
BOTTOM OF THE 12TH
Phoenix Hotspur Reserves batting - Pitching for Jersey City Tritons : RHP Oliver Huerta
Batting: RHB Júlio Mateo 0-0: Ball
1-0: Ball
2-0: Fly out, F9 (Flyball, 9S)
Batting: RHB Martín Martínez 0-0: Foul Ball, location: 2F
0-1: Ball
1-1: Called Strike
1-2: Ball
2-2: Foul Ball, location: 2F
2-2: Ball
3-2: Base on Balls
Batting: RHB Satoshi Terada 0-0: Ball
1-0: Ball
2-0: Called Strike
2-1: Swinging Strike
2-2: Reached via error on a dropped throw, E1
Martín Martínez to second
Batting: SHB Roberto López 0-0: Foul Ball, location: 2F
0-1: Foul Ball, location: 2F
0-2: Ball
1-2: Ball
2-2: Ground out 6-3 (Groundball, 6S)
Martín Martínez to third
Satoshi Terada to second
Batting: LHB Clark Espinosa 0-0: Ball
1-0: Fly out, F8 (Flyball, 8RD)
Bottom of the 12th over - 0 run(s), 0 hit(s), 1 error(s), 2 left on base; Jersey City 4 - Phoenix 4
TOP OF THE 13TH
Jersey City Tritons batting - Pitching for Phoenix Hotspur Reserves : LHP Jim Unknown
Batting: RHB Mike Greene 0-0: Foul Ball, location: 2F
0-1: SOLO HOME RUN (Flyball, 7LD), Distance : 350 ft
Batting: RHB Bob Heller 0-0: Foul Ball, location: 2F
0-1: Foul Ball, location: 2F
0-2: Ball
1-2: SINGLE (Groundball, 34D)
Batting: RHB Lionel McCloud 0-0: Ball
Balk!
Bob Heller to second
1-0: Called Strike
1-1: Swinging Strike
1-2: Strikes out swinging
Batting: RHB Eddy Baxter 0-0: Ball
1-0: Swinging Strike
1-1: Ball
2-1: Foul Ball, location: 2F
2-2: Foul Ball, location: 2F
2-2: Strikes out looking
Pitching: RHP Richard Carlson
Batting: RHB Bryan Wilson 0-0: Ball
1-0: Swinging Strike
1-1: Called Strike
1-2: Strikes out swinging
Top of the 13th over - 1 run(s), 2 hit(s), 0 error(s), 1 left on base; Jersey City 5 - Phoenix 4
BOTTOM OF THE 13TH
Phoenix Hotspur Reserves batting - Pitching for Jersey City Tritons : RHP Oliver Huerta
Batting: RHB Hiwahikeiki Noelani 0-0: SINGLE (Groundball, 34D)
Batting: SHB Jim Unknown 0-0: Foul Ball, location: 2F
0-1: Fly out, F8 (Flyball, 8LM)
Batting: SHB Jesús González 0-0: Ball
1-0: SINGLE (Line Drive, 34D)
Hiwahikeiki Noelani to second
Runner from 2nd tries for 3rd, SAFE, no throw
Batting: RHB Jesús Álvarez 0-0: Ball
1-0: Ball
2-0: Foul Ball, location: 2F
2-1: Fly out, F8 (Flyball, 78M)
Batting: RHB Júlio Mateo 0-0: Ball
1-0: Ball
2-0: Foul Ball, location: 2F
2-1: Ball
3-1: Base on Balls
Jesús González to second
Batting: RHB Martín Martínez 0-0: Fly out, F8 (Flyball, 8RD)
Bottom of the 13th over - 0 run(s), 2 hit(s), 0 error(s), 3 left on base; Jersey City 5 - Phoenix 4
Saturday, May 26th, 2018 - OOTP Baseball 17.12 Build 75